 Dungeon Crawl Stone Soup version 0.31-a0-233-g139696dc86 (webtiles) character file.

Game seed: 10166546124900748620

77814 rabbitsville the Fencer (level 15, 0/133 (134) HPs)
             Began as a Hill Orc Gladiator on July 8, 2023.
             Was the Champion of Okawaru.
             Slain by a stone giant (19 damage)
             ... in a volcano.
             The game lasted 01:11:45 (20203 turns).

rabbitsville the Fencer (Hill Orc Gladiator)       Turns: 20203, Time: 01:11:45

HP:   0/133 (134)   AC: 20    Str: 22    XL:     15   Next: 58%
MP:   17/24         EV: 19    Int: 14    God:    Okawaru [******]
Gold: 449           SH:  0    Dex: 18    Spells: 14/14 levels left

rFire   + . .        g - +0 triple sword of the New World {venom, Str+3 Int+4}
rCold   + . .        (shield currently unavailable)
rNeg    . . .        N - +3 ring mail {rC+}
rPois   .            F - +2 hat
rElec   .            T - +1 cloak {Will+}
rCorr   .            K - +0 pair of gloves {infuse}
SInv    +            m - +2 pair of boots
Will    ++...        t - amulet of faith
Stlth   +            W - ring "Ynuck" {Fly rF+ Int+2 SInv}
HPRegen 0.42/turn    v - +4 ring of protection
MPRegen 0.19/turn

%: faith, infuse magic (1 MP)
@: mighty, flying, studying Conjurations, lightly drained
A: wild magic 2, inability to drink after injury 1
a: Renounce Religion, Heroism, Finesse, Duel


You were in a volcano.
You worshipped Okawaru.
Okawaru was exalted by your worship.
You visited 4 branches of the dungeon, and saw 19 of its levels.
You also visited: Bailey, Gauntlet and Volcano.

You collected 2069 gold pieces.
You spent 1620 gold pieces at shops.

Inventory:

Hand Weapons
 g - the +0 triple sword of the New World (weapon) {venom, Str+3 Int+4}
   (Okawaru gifted it to you on level 9 of the Dungeon)

   Str:       It affects your strength (+3).
   Int:       It affects your intelligence (+4).
 s - a +0 heavy great sword
Missiles
 d - 4 throwing nets
 q - 29 poisoned darts
 I - 4 javelins (quivered)
Armour
 m - a +2 pair of boots (worn)
 F - a +2 hat (worn)
 K - a +0 pair of gloves of infusion (worn)
 N - a +3 ring mail of cold resistance (worn)
 T - a +1 cloak of willpower (worn)
Jewellery
 b - a ring of resist corrosion
 e - a ring of ice
 h - a ring of positive energy
 j - a ring of magical power
 k - an amulet of guardian spirit
 l - a ring of ice
 p - the ring of the Villain {Wiz Int+2 SInv}
   (You took it off a gnoll sergeant on level 9 of the Dungeon)

   [ring of wizardry]

   It improves your spell success rate.
   Int:       It affects your intelligence (+2).
   SInv:      It lets you see invisible.
 t - an amulet of faith (around neck)
 v - a +4 ring of protection (right hand)
 C - the ring of Impatience {rElec rPois rCorr Str-5 Int+3}
   (You found it in a bailey)

   [ring of resist corrosion]

   Str:       It affects your strength (-5).
   Int:       It affects your intelligence (+3).
   rElec:     It insulates you from electricity.
   rPois:     It protects you from poison.
   rCorr:     It protects you from acid and corrosion.
 P - an amulet of regeneration
 U - a ring of willpower
 W - the ring "Ynuck" (left hand) {Fly rF+ Int+2 SInv}
   (You found it in a Gauntlet)

   [ring of flight]

   Int:       It affects your intelligence (+2).
   rF:        It protects you from fire.
   SInv:      It lets you see invisible.
   Fly:       It grants you flight.
Wands
 y - a wand of acid (1)
 E - a wand of polymorph (4)
 O - a wand of mindburst (12)
 Q - a wand of flame (32)
 Z - a wand of iceblast (14)
Scrolls
 a - a scroll of blinking
 f - 5 scrolls of teleportation
 n - 3 scrolls of enchant armour
 o - 6 scrolls of fog
 B - 4 scrolls of amnesia
 D - a scroll of poison
 J - 2 scrolls of fear {unknown}
 L - 3 scrolls of identify
 R - 2 scrolls of torment {unknown}
 S - a scroll of enchant weapon {unknown}
 V - 3 scrolls of immolation
 Y - 4 scrolls of noise
Potions
 c - a potion of lignification {unknown}
 i - 3 potions of enlightenment {unknown}
 r - a potion of haste {unknown}
 u - 3 potions of might
 x - 2 potions of mutation
 z - 2 potions of brilliance {unknown}
 A - 2 potions of berserk rage
 H - 4 potions of degeneration
 M - 2 potions of cancellation {unknown}
 X - a potion of magic {unknown}


   Skills:
 + Level 12.4 Fighting
 * Level 17.5 Long Blades
 - Level 1.7 Throwing
 * Level 12.9 Dodging
 + Level 13.0 Invocations


You had 14 spell levels left.
You didn't know any spells.
Your spell library contained the following spells:

 Spells                   Type           Power      Damage    Failure   Level
 Apportation              Tloc           0%         N/A       61%         1
 Foxfire                  Conj/Fire      0%         2x1d4     61%         1
 Necrotise                Necr           0%         1d4       61%         1
 Sandblast                Erth           0%         2d4       61%         1
 Sting                    Tmut/Pois      0%         1d3       61%         1
 Cigotuvi's Dreadful Rot  Necr/Pois/Air  0%         N/A       73%         2
 Poisonous Vapours        Pois/Air       0%         N/A       73%         2
 Static Discharge         Conj/Air       0%         2-2/arc   73%         2
 Sublimation of Blood     Necr           0%         N/A       73%         2
 Wereblood                Tmut           0%         N/A       73%         2
 Ignite Poison            Fire/Tmut/Pois 0%         N/A       90%         3
 Vhi's Electric Charge    Tloc/Air       0%         N/A       90%         3
 Olgreb's Toxic Radiance  Pois           0%         N/A       100%        4
 Petrify                  Tmut/Erth      0%         N/A       100%        4
 Arcjolt                  Conj/Air       0%         1d10      100%        5
 Freezing Cloud           Conj/Ice/Air   0%         6-21      100%        5
 Irradiate                Conj/Tmut      0%         3d11      100%        5
 Leda's Unmaking          Conj/Erth      0%         9d1       100%        6
 Plasma Beam              Fire/Air       0%         2x1d10    100%        6
 Discord                  Hex            0%         N/A       100%        8
 Ignition                 Fire           0%         3d3       100%        8
 Maxwell's Capacitive Co  Air            0%         ∞         100%        8
 Summon Small Mammal      Summ           Unusable   N/A       N/A         1
 Summon Hydra             Summ           Unusable   N/A       N/A         7

Dungeon Overview and Level Annotations

Branches:
Dungeon (12/15)            Temple (1/1) D:4            Lair (5/5) D:8
  Swamp (0/4) Lair:2        Snake (0/4) Lair:2          Orc (1/2) D:9
 Bailey (visited)         Volcano (1/1)             Gauntlet (visited)
  Slime: Lair:4-5

Altars:
Ashenzari
Cheibriados
Dithmenos
Elyvilon
Fedhas
Gozag
Hepliaklqana
Kikubaaqudgha
Makhleb
Nemelex Xobeh
Okawaru
Qazlal
Ru
Sif Muna
Trog
Uskayaw
Vehumet
Wu Jian
Xom
Yredelemnul
Zin
The Shining One

Shops:
D:3 *   D:7 =![=?   D:9 [*   D:11 ?!?[?   D:12 ((?

Annotations:
D:11 3 runed translucent doors, innerfire43's ghost, journeyman DsMo
Lair:2 exclusion: orange crystal statue


Innate Abilities, Weirdness & Mutations

Your spells are harder to cast, but more powerful.
You occasionally lose the ability to drink potions when taking damage.


Message History

An efreet comes into view.
It is wielding a +1 scimitar of flaming.
The efreet barely misses you.
The stone giant attacks as you move away!
The stone giant hits you!!
* * * LOW HITPOINT WARNING * * *
The efreet hits you but does no damage.
The stone giant throws a large rock.
The large rock closely misses you.
It was a potion of mutation.
You feel extremely strange.
You feel less in control of your magic.
You occasionally lose the ability to drink potions when taking damage.
You feel less in control of your magic. The efreet gestures at you.
The bolt of fire misses you.
It was a potion of might.
You feel very mighty all of a sudden. The efreet closely misses you.
You cut the efreet into ribbons!!!
The efreet is poisoned.
The efreet is almost dead.
The efreet gestures at you.
The bolt of fire hits you but does no damage.
You hit the efreet.
The efreet is almost dead.
The efreet gestures at you.
The fireball explodes!
The fireball engulfs you. You resist.
* * * LOW HITPOINT WARNING * * *
The fireball engulfs the efreet.
The efreet completely resists.
Okay, then.
Unknown command.
Blink to where?
Press: ? - help, Dir - move target
As you read the scroll of blinking, it crumbles to dust.
You kill the efreet!
Okawaru accepts your kill.
You start resting.
A stone giant is nearby!
You slice the stone giant!!
The stone giant looks as sick as possible!
The stone giant is moderately wounded.
The stone giant hits you!!
You die...

#### ## #########
##..###8# .≈.≈[≈)#
#.##..#≈# °.≈.≈!§#
##.###.# ###§.§.≈)#
#.##.####8#.≈.≈.≈#
##.###..∩)§C§.≈.≈.#
#.##8#####8#.≈.≈.≈#
#.#8###C####≈.§§§!#
##.##..#@###.≈.§[§#
##..####.#########
#### #.# ###### #.#
##....##
##.###.....§##
#8.8##..§§§..##
##.......≈§....##
##......§≈≈≈§....#
#.......≈≈≈≈≈....##


You could see a stone giant (extremely poisoned).

Vanquished Creatures
  An orc warlord (Orc:1)
  Nessos (Lair:3)
  A minotaur (Gauntlet)
  Fannar (Lair:2)
  A centaur warrior (D:9)
  3 boulder beetles
  8 death yaks
  A two-headed ogre (D:9)
  An orc high priest (Orc:1)
  A skyshark (Lair:5)
  A fire crab (Gauntlet)
  2 bog bodies (Lair:2)
  Pikel (D:8)
  A deep elf pyromancer (D:11)
  3 cyclopes (D:11)
  2 orc sorcerers (Orc:1)
  Joseph (D:8)
  An elephant (D:8)
  A black mamba (Lair:3)
  10 cane toads
  A gargoyle (Volcano)
  An efreet (Volcano)
  10 komodo dragons
  A kobold demonologist (D:11)
  8 trolls
  3 hornets
  Prince Ribbit (D:5)
  12 blink frogs
  11 flying skulls (Gauntlet)
  A vampire (D:10)
  53 yaks
  A wraith (D:9)
  2 wyverns
  A fire elemental (Volcano)
  14 fire bats
  2 basilisks
  4 nagas (Lair:2)
  3 wargs (Orc:1)
  3 swamp worms (Lair:2)
  10 water moccasins
  3 hell hounds (Gauntlet)
  26 orc warriors
  4 ice beasts
  5 black bears
  3 ogres
  11 wolves
  7 centaurs
  A phantom (D:4)
  4 kobold brigands (D:9)
  19 bullfrogs
  9 gnoll sergeants
  6 scorpions
  An earth elemental (Volcano)
  12 wights
  8 killer bees
  6 howler monkeys
  An electric eel (Lair:2)
  6 lava snakes (Volcano)
  6 jellies
  15 orc priests
  2 hounds
  7 iguanas
  Ijyb (D:6)
  8 orc wizards
  A sleepcap (D:7)
  A statue (D:3)
  A centaur simulacrum (D:9)
  22 gnolls
  6 adders
  2 shadow imps (D:7)
  3 white imps
  A worm (D:3)
  3 dart slugs
  59 orcs
  4 bats
  11 endoplasms
  3 giant cockroaches
  11 goblins
  5 hobgoblins
  3 kobolds (D:1)
  2 quokkas
  7 ball pythons
  2 rats
502 creatures vanquished.

Vanquished Creatures (others)
  A two-headed ogre (D:12)
  A centaur (D:12)
  2 orcs (Orc:1)
4 creatures vanquished.

Grand Total: 506 creatures vanquished

Notes
Turn   | Place    | Note
-------+----------+-------------------------------------------
     0 | D:1      | rabbitsville the Hill Orc Gladiator began the quest for the
                  | Orb.
     0 | D:1      | Reached XP level 1. HP: 18/18 MP: 1/1
   182 | D:1      | Reached XP level 2. HP: 24/25 MP: 2/2
   469 | D:1      | Reached XP level 3. HP: 29/30 MP: 3/3
   998 | D:2      | Reached skill level 4 in Long Blades
  1703 | D:3      | Found Yssouplu's General Store.
  1994 | D:4      | Reached XP level 4. HP: 28/38 MP: 4/4
  2137 | D:4      | Found a staircase to the Ecumenical Temple.
  2146 | Temple   | Entered the Ecumenical Temple
  2207 | Temple   | Became a worshipper of Warmaster Okawaru
  2355 | D:4      | Noticed a phantom
  2370 | D:4      | Killed a phantom
  2371 | D:4      | Reached skill level 1 in Invocations
  2371 | D:4      | Reached XP level 5. HP: 42/45 MP: 5/5
  2444 | D:4      | Identified the +0 long sword "Hoeplede" {drain, Int+3
                  | Dex+3}
  2489 | D:4      | Noticed a black bear
  2497 | D:4      | Killed a black bear
  2497 | D:4      | Reached * piety under Okawaru
  2498 | D:4      | Reached skill level 5 in Long Blades
  2498 | D:4      | Reached XP level 6. HP: 46/52 MP: 7/7
  2536 | D:4      | Found a hazy altar of Hepliaklqana.
  2537 | D:4      | Found a shimmering altar of Xom.
  2538 | D:4      | Noticed a spectral ugly thing
  3008 | D:4      | Reached XP level 7. HP: 59/59 MP: 7/9
  3230 | D:3      | Reached ** piety under Okawaru
  3583 | D:3      | Found a radiant altar of Vehumet.
  3773 | D:5      | Entered Level 5 of the Dungeon
  3798 | D:5      | Reached skill level 6 in Long Blades
  3819 | D:5      | Noticed Ijyb
  3822 | D:5      | You fall into a shaft and drop 1 floor!
  3968 | D:6      | Killed Ijyb
  3969 | D:6      | Reached skill level 5 in Dodging
  4047 | D:6      | Reached XP level 8. HP: 61/67 MP: 10/10
  4083 | D:6      | Reached *** piety under Okawaru
  4084 | D:6      | Reached skill level 5 in Fighting
  4252 | D:6      | Reached skill level 7 in Long Blades
  4480 | D:5      | Got Sif Muna's Volume of Solid Blasts
  4542 | D:5      | Noticed Prince Ribbit
  4574 | D:5      | Killed Prince Ribbit
  4575 | D:5      | Reached **** piety under Okawaru
  4698 | D:5      | Reached skill level 5 in Invocations
  4698 | D:5      | Reached XP level 9. HP: 75/75 MP: 12/12
  4814 | D:5      | Reached skill level 8 in Long Blades
  5350 | D:7      | Found Onoogg's Jewellery Boutique.
  5350 | D:7      | Found Jisk's Distillery.
  5367 | D:7      | Bought a potion of heal wounds for 65 gold pieces
  5367 | D:7      | Bought a potion of curing for 39 gold pieces
  5416 | D:7      | Found a snail-covered altar of Cheibriados.
  5421 | D:7      | Found Haol's Armour Emporium.
  5694 | D:7      | Found Biwat's Magic Scroll Emporium.
  5704 | D:7      | Bought a scroll of teleportation for 42 gold pieces
  5704 | D:7      | Bought a scroll of identify for 28 gold pieces
  5712 | D:7      | Found Ybrial's Jewellery Shop.
  6036 | D:8      | Noticed a hornet
  6055 | D:8      | Noticed Pikel
  6080 | D:8      | Found a staircase to the Lair.
  6080 | D:8      | Noticed an elephant
  6108 | D:8      | Killed an elephant
  6108 | D:8      | Reached ***** piety under Okawaru
  6109 | D:8      | Reached skill level 9 in Long Blades
  6120 | D:8      | Received a gift from Okawaru
  6282 | D:8      | Reached XP level 10. HP: 75/86 MP: 14/14
  6354 | D:8      | Found a flagged portal.
  6375 | Bailey   | Entered a bailey
  6518 | Bailey   | Reached skill level 10 in Long Blades
  6754 | Bailey   | Identified the ring of Impatience {rElec rPois rCorr Str-5
                  | Int+3}
  6758 | Bailey   | Found a roughly hewn altar of Beogh.
  6758 | Bailey   | Noticed an orc knight
  6758 | Bailey   | Noticed an orc knight
  6852 | D:8      | Found a shadowy altar of Dithmenos.
  6880 | D:8      | Received a gift from Okawaru
  6892 | D:8      | Killed Pikel
  6978 | D:8      | Found an ancient bone altar of Kikubaaqudgha.
  7137 | D:8      | Noticed Joseph
  7147 | D:8      | Killed Joseph
  7430 | D:8      | Found a glowing silver altar of Zin.
  7688 | D:9      | Reached skill level 11 in Long Blades
  7688 | D:9      | Reached XP level 11. HP: 80/94 MP: 13/17
  7788 | D:9      | Found Anefuom's General Store.
  7973 | D:9      | Found Maluhis's Antique Armour Boutique.
  7976 | D:9      | Bought a runed cloak for 172 gold pieces
  8026 | D:9      | Found a staircase to the Orcish Mines.
  8381 | D:9      | Noticed a two-headed ogre
  8407 | D:9      | Killed a two-headed ogre
  8480 | D:9      | Noticed a centaur warrior
  8487 | D:9      | Identified the ring of the Villain {Wiz Int+2 SInv}
  8499 | D:9      | Identified the +0 triple sword of the New World {venom,
                  | Str+3 Int+4} (Okawaru gifted it to you on level 9 of the
                  | Dungeon)
  8499 | D:9      | Received a gift from Okawaru
  8670 | D:9      | Reached ****** piety under Okawaru
  8847 | D:9      | Killed a centaur warrior
  8848 | D:9      | Reached skill level 12 in Long Blades
  9015 | D:10     | Entered Level 10 of the Dungeon
  9638 | D:10     | Identified the +0 crystal plate armour of the Furies {-Cast
                  | rPois Dex+3} (Okawaru gifted it to you on level 10 of the
                  | Dungeon)
  9638 | D:10     | Received a gift from Okawaru
 10258 | D:11     | Noticed a cyclops
 10258 | D:11     | Found Nikkywk's Armour Boutique.
 10258 | D:11     | Found a runed translucent gate.
 10258 | D:11     | Found a runed translucent gate.
 10258 | D:11     | Found a runed translucent gate.
 10260 | D:11     | Found a white marble altar of Elyvilon.
 10260 | D:11     | Noticed a deep elf pyromancer
 10291 | D:11     | Killed a cyclops
 10292 | D:11     | Reached XP level 12. HP: 80/105 MP: 13/19
 10330 | D:11     | Found Hoturch's Distillery.
 10332 | D:11     | Found a gate leading to a gauntlet.
 10348 | Gauntlet | Entered a Gauntlet
 10348 | Gauntlet | Found a transporter.
 10351 | Gauntlet | Found a transporter.
 10357 | Gauntlet | Found a transporter.
 10358 | Gauntlet | Found a transporter.
 10358 | Gauntlet | Found a transporter.
 10359 | Gauntlet | Found a transporter.
 10379 | Gauntlet | Noticed a blizzard demon
 10382 | Gauntlet | Noticed a catoblepas
 10383 | Gauntlet | Found a transporter.
 10404 | Gauntlet | Found a transporter.
 10423 | Gauntlet | Found a transporter.
 10427 | Gauntlet | Found a transporter.
 10437 | Gauntlet | Found a transporter.
 10511 | Gauntlet | Found a transporter.
 10628 | Gauntlet | Reached skill level 10 in Dodging
 10659 | Gauntlet | Reached skill level 13 in Long Blades
 10659 | Gauntlet | Reached skill level 10 in Invocations
 10938 | Gauntlet | Identified the ring "Ynuck" {Fly rF+ Int+2 SInv}
 10943 | Gauntlet | Identified the +0 cloak of Hysiobb {-Tele Will+ Str+3
                  | Int+7}
 11107 | Gauntlet | Noticed a minotaur
 11126 | Gauntlet | Killed a minotaur
 11127 | Gauntlet | Reached skill level 10 in Fighting
 11405 | D:11     | Found Geroysh's Magic Scroll Shop.
 11657 | D:11     | Found Kafoskul's Magic Scroll Shop.
 11691 | D:11     | Noticed innerfire43's ghost (journeyman DsMo)
 12010 | D:11     | Received a gift from Okawaru
 12036 | D:11     | Found Gosav's Magic Scroll Emporium.
 12208 | D:12     | Found Joore's Antique Weapon Boutique.
 12250 | D:12     | Killed a two-headed ogre
 12301 | D:12     | Found Xoesm's Weapon Shoppe.
 12316 | D:12     | Found Ipeent's Magic Scroll Shop.
 12370 | D:12     | HP: 2/107 [white ugly thing (6)]
 12574 | Lair:1   | Entered Level 1 of the Lair of Beasts
 12619 | D:8      | Reached skill level 14 in Long Blades
 12819 | Lair:1   | Reached XP level 13. HP: 114/114 MP: 17/21
 13171 | Lair:1   | Received a gift from Okawaru
 13444 | Lair:1   | Identified the +0 dagger of Fury {elec, rF+}
 13839 | Lair:2   | Received a gift from Okawaru
 13861 | Lair:2   | Received a gift from Okawaru
 14212 | Lair:2   | Reached skill level 15 in Long Blades
 14227 | Lair:2   | Found a staircase to the Swamp.
 14599 | Lair:2   | Found a staircase to the Snake Pit.
 14740 | Lair:2   | Noticed Fannar
 14762 | Lair:2   | Killed Fannar
 15830 | Lair:3   | Identified the +8 hand axe of Massacring {heavy, rElec rN++
                  | Int+5}
 15971 | Lair:3   | You fall into a shaft and drop 1 floor!
 16268 | Lair:4   | Reached XP level 14. HP: 102/125 MP: 19/23
 16596 | Lair:3   | Noticed Nessos
 16628 | Lair:3   | Killed Nessos
 16628 | Lair:3   | Received a gift from Okawaru
 17739 | D:3      | Bought a scroll of acquirement for 624 gold pieces
 17741 | D:3      | Acquired 389 gold pieces
 18442 | Lair:5   | Entered Level 5 of the Lair of Beasts
 18996 | Lair:5   | Reached skill level 16 in Long Blades
 19469 | D:11     | Bought a potion of experience for 650 gold pieces
 19474 | D:11     | Reached skill level 17 in Long Blades
 19474 | D:11     | Reached XP level 15. HP: 132/132 MP: 24/24
 19570 | Orc:1    | Entered Level 1 of the Orcish Mines
 19714 | Orc:1    | Noticed an orc warlord
 19729 | Orc:1    | Killed an orc warlord
 19729 | Orc:1    | Identified the +4 chain mail of Liunwe {rElec} (Okawaru
                  | gifted it to you on level 1 of the Orcish Mines)
 19729 | Orc:1    | Received a gift from Okawaru
 19898 | Orc:1    | Found a shimmering blue altar of Sif Muna.
 19976 | Orc:1    | Found a dark tunnel.
 19984 | Volcano  | Entered a volcano
 20175 | Volcano  | Gained mutation: Your spells are a little harder to cast,
                  | but a little more powerful. [potion of mutation]
 20175 | Volcano  | Gained mutation: You occasionally lose the ability to drink
                  | potions when taking damage. [potion of mutation]
 20175 | Volcano  | Gained mutation: Your spells are harder to cast, but more
                  | powerful. [potion of mutation]
 20203 | Volcano  | Slain by a stone giant

Illustrated notes

Levels and vault maps discovered:
D:1:      dpeg_arrival_rhombus, layout_loops_cross, minmay_tromino_v4_b
D:2:      layout_basic
D:3:      layout_basic, vehumet_statue, serial_shops, shop
D:4:      layout_gridville, regret_index_temple_of_mockery,
          minmay_temple_entry_arrows
D:5:      layout_rooms, serial_curves, eino_curves_04, eino_curves_01,
          eino_curves_01, uniq_prince_ribbit1, uniq_ijyb
D:6:      layout_loops_ring
D:7:      layout_loops_ring, amcnicky_altar_gilded, serial_shops, shop, shop,
          shop, shop, shop, columned_hall_lemuel
D:8:      layout_rooms, marbit_many_paths, nicolae_overflow_hidden_temple,
          kennysheep_mini_moat, david_lair_generic,
          lightli_bailey_entry_fortress, uniq_pikel, uniq_joseph
D:9:      layout_stronghold, kennysheep_orc_monster_closet_entryway,
          serial_shops, shop, nicolae_shop_real_fake_doors,
          chequers_serial_rivers_micro_b, nicolae_wwwww, minmay_pinched_square
D:10:     layout_long_grid
D:11:     layout_roguey, gammafunk_ghost_icy, gauntlet_entry_generic,
          serial_shops, shop, shop, nicolae_shop_trees, nicolae_shop_trees,
          shop, elyvilon_altar_5
D:12:     layout_irregular_city, serial_column_ruins, column_ruins_hut,
          column_ruins_hut_pillars, column_ruins_corridor_dead_end,
          column_ruins_columns_straight, column_ruins_grid_1,
          column_ruins_columns_corner, column_ruins_columns_plus,
          column_ruins_open_tiny, column_ruins_open_medium, serial_shops,
          freezing_bzr, shop_fountains, nicolae_shop_hallway_plus,
          nicolae_square_shop, shop_scrolls, nicolae_demonic_statue_gallery,
          uniq_urug, uniq_gastronok
Temple:   bh_familiar_temple
Lair:1:   layout_roguey, lemuel_fruit_tree, infiniplex_staircase_pool_2
Lair:2:   layout_misc_corridors, nicolae_swamp_entry_splash_gauntlet,
          minmay_snake_entry_guardpost_medium, disabler_island, uniq_fannar
Lair:3:   layout_cave_pods, uniq_nessos
Lair:4:   layout_small_grid, grunt_megastairs_3
Lair:5:   grunt_lair_end_beastmaster, layout_long_grid,
          dpeg_slime_entry_enclosed, minmay_hedge_maze, serial_bayou_shore_a,
          serial_bayou_shore_b
Orc:1:    layout_caves, enter_volcano_2, led_sif_book
Volcano:  volcano_grotto [vgs_hot_hot_hot]

Skill      XL: |  1  2  3  4  5  6  7  8  9 10 11 12 13 14 15 |
---------------+----------------------------------------------+-----
Fighting       | 3 4 5 7 8 9 10 11 12 | 12.4
Long Blades    | 4 5 6 7 9 11 12 14 15 17 | 17.5
Dodging        | 3 4 5 6 7 8 9 11 12 | 12.9
Invocations    | 1 2 3 5 6 8 9 10 12 13 | 13.0
Throwing       | |  1.7

Action                     |  1- 3 |  4- 6 |  7- 9 | 10-12 | 13-15 || total
---------------------------+-------+-------+-------+-------+-------++-------
  Melee: Long sword        |    85 |    55 |   246 |       |       ||   386
         Punch             |     2 |     1 |     7 |       |       ||    10
         Scimitar          |    26 |    33 |       |       |       ||    59
         Great sword       |       |       |    17 |   217 |    58 ||   292
         Triple sword      |       |       |       |   361 |   599 ||   960
  Throw: Javelin           |       |       |     3 |     5 |     2 ||    10
         Throwing net      |       |       |       |       |     2 ||     2
 Invoke: Heroism           |       |       |       |     2 |     2 ||     4
  Evoke: Wand              |       |       |     2 |    24 |       ||    26
    Use: Scroll            |     3 |       |     1 |     8 |     7 ||    19
         Potion            |     1 |       |     1 |     2 |    12 ||    16
   Stab: Sleeping          |     3 |       |     3 |       |       ||     6
         Distracted        |     1 |       |       |       |       ||     1
 Armour: Leather armour    |    40 |    32 |   109 |    70 |       ||   251
         Ring mail         |       |       |       |   282 |   286 ||   568
  Dodge: Dodged            |    78 |    67 |   206 |   632 |   639 ||  1622

Table legend: (Time is in decaauts)
 A = Elapsed time spent in this place.
 B = Non-inter-level travel time spent in this place.
 C = Inter-level travel time spent in this place.
 D = Time resting spent in this place.
 E = Time spent auto-exploring this place.
 F = Levels seen in this place.
 G = Mean time per level.
                   A        B        C        D        E       F      G
               +--------+--------+--------+--------+--------+-----+--------+
         Total |  20424 |  19084 |   1340 |   1629 |  10454 |  22 |  928.4 |
       Dungeon |  11837 |  10925 |    912 |    843 |   6172 |  12 |  986.4 |
        Temple |    180 |    168 |     12 |      0 |    157 |   1 |  180.0 |
          Lair |   6432 |   6016 |    416 |    322 |   4125 |   5 | 1286.4 |
  Orcish Mines |    400 |    400 |      0 |      0 |      0 |   1 |  400.0 |
        Bailey |    397 |    397 |      0 |    122 |      0 |   1 |  397.0 |
       Volcano |    214 |    214 |      0 |      5 |      0 |   1 |  214.0 |
      Gauntlet |    961 |    961 |      0 |    336 |      0 |   1 |  961.0 |
               +--------+--------+--------+--------+--------+-----+--------+

Top non-repeatable levels by time:
     D:9: 1915 daAuts
  Lair:4: 1655 daAuts
  Lair:3: 1482 daAuts
     D:8: 1408 daAuts
  Lair:2: 1340 daAuts
     D:4: 1178 daAuts
    D:10: 1117 daAuts
    D:11: 1097 daAuts
  Lair:1: 1085 daAuts
Gauntlet: 961 daAuts
     D:6: 902 daAuts
  Lair:5: 868 daAuts
     D:2: 860 daAuts
     D:3: 847 daAuts
     D:7: 795 daAuts
